 Dungeon Crawl Stone Soup version 0.28.0-1-gb440e238dd (webtiles) character file.

Game seed: 4256432282777140775

210 Crownlay the Chopper (level 5, -2/46 HPs)
             Began as a Hill Orc Fighter on Feb 20, 2022.
             Was a Follower of Okawaru.
             Slain by a shadow imp (5 damage)
             ... summoned by Natasha
             ... on level 3 of the Dungeon.
             The game lasted 00:05:19 (2798 turns).

Crownlay the Chopper (Hill Orc Fighter)             Turns: 2798, Time: 00:05:20

Health: -2/46      AC:  8    Str: 20 (21) XL:     5   Next: 87%
Magic:  5/7        EV: 10    Int:  6 (8)  God:    Okawaru [*.....]
Gold:   53         SH:  5    Dex:  7 (10) Spells: 4/4 levels left

rFire   . . .      SeeInvis .   a - +0 war axe
rCold   . . .      Faith    .   c - +0 buckler
rNeg    . . .      Spirit   .   b - +0 scale mail
rPois   .          Reflect  .   (no helmet)
rElec   .          Harm     .   (no cloak)
rCorr   .          Rampage  .   (no gloves)
Will    .....                   (no boots)
Stlth   +.........              (no amulet)
HPRegen 0.15/turn               (no ring)
MPRegen 0.10/turn               (no ring)

@: heroic, attractive, slowed, very slow
A: no striking features
a: Renounce Religion, Heroism


You were on level 3 of the Dungeon.
You worshipped Okawaru.
Okawaru was aware of your devotion.
You visited 1 branch of the dungeon, and saw 3 of its levels.

You collected 53 gold pieces.

Inventory:

Hand Weapons
 a - a +0 war axe (weapon)
Armour
 b - a +0 scale mail (worn)
 c - a +0 buckler (worn)
Scrolls
 e - 2 scrolls of identify {unknown}
 g - a scroll of blinking {unknown}
 i - 2 scrolls of fog {unknown}
 k - a scroll of noise {unknown}
 m - a scroll of fear {unknown}
Potions
 d - a potion of might
 j - a potion of haste
 l - a potion of brilliance {unknown}


   Skills:
 + Level 4.1(9.1) Fighting
 * Level 6.3(11.3) Axes
 - Level 3.2(8.2) Armour
 * Level 3.7(8.7) Shields
 * Level 3.0 Invocations


You had 4 spell levels left.
You didn't know any spells.
Your spell library contained the following spells:

 Spells                   Type           Power      Damage    Failure   Level
 Apportation              Tloc           0%         N/A       83%         1
 Magic Dart               Conj           0%         1d3       83%         1
 Searing Ray              Conj           0%         2d4       93%         2
 Fulminant Prism          Conj/Hex       0%         3d6       100%        4
 Alistair's Intoxication  Tmut/Pois      0%         N/A       100%        5


Dungeon Overview and Level Annotations

Branches:
Dungeon (3/15)

Altars:
Fedhas
Okawaru
Uskayaw
Yredelemnul

Annotations:
D:3 Natasha


Message History

You closely miss Natasha. You slash the crimson imp! You miss the crimson imp.
You block the shadow imp's attack. The crimson imp barely misses you.
Natasha stares at you and mumbles some strange words.
You feel yourself slow down. The crimson imp barely misses you.
You barely miss the shadow imp.
The shadow imp is almost dead.
You closely miss Natasha. You closely miss the crimson imp.
You miss the crimson imp. The shadow imp hits you.
You block the crimson imp's attack. Natasha claws you.
The crimson imp hits you.
* * * LOW HITPOINT WARNING * * *
The shadow imp shouts, "Kneel, thou foppish fat-kidneyed flap-bat!"
The shadow imp misses you.
Natasha stares at you and mumbles some strange words.
The magic dart hits you.
* * * LOW HITPOINT WARNING * * *
The crimson imp hits you but does no damage. x2
You gain the combat prowess of a mighty hero.
The shadow imp hits you.
* * * LOW HITPOINT WARNING * * *
The crimson imp closely misses you. Natasha closely misses you.
The crimson imp picks up a beetle and eats it.
The crimson imp misses you. The shadow imp gestures at you.
Pain shoots through your body!
* * * LOW HITPOINT WARNING * * *
Natasha claws you but does no damage. The crimson imp barely misses you.
It was a potion of degeneration.
There was something very wrong with that liquid.
You feel weakened.
You feel dopey.
You feel clumsy.
The crimson imp blinks!
The shadow imp gestures at you.
You barely resist. The crimson imp barely misses you.
You block Natasha's attack.
It was a potion of attraction.
You feel attractive to monsters.
The shadow imp hits you but does no damage.
The crimson imp hits you but does no damage.
Natasha barely misses you. The shadow imp hits you.
You die...

####### #.....#
###############.###.#
#...?...h.....#.###.####
#.##>.5@5...............
#.########...#.......
#...†.# #####.......
#.....# #....... #.##..#
#....... #. #..#
#....... # ...# #.#####.
..## #.# #. ..# ..


You could see Natasha, a crimson imp (summoned) and a shadow imp (summoned).

Vanquished Creatures
  A water moccasin zombie (D:3)
  A hound (D:2)
  Natasha (twice) (D:3)
  2 adders
  An adder zombie (D:3)
  A worm (D:2)
  2 dart slugs (D:3)
  An endoplasm (D:1)
  4 giant cockroaches
  2 goblins (D:1)
  7 hobgoblins
  A kobold (D:2)
  4 quokkas
  6 ball pythons
  5 bats
  3 frilled lizards
  2 rats
45 creatures vanquished.

Notes
Turn   | Place    | Note
-------+----------+-------------------------------------------
     0 | D:1      | Crownlay the Hill Orc Fighter began the quest for the Orb.
     0 | D:1      | Reached XP level 1. HP: 19/19 MP: 1/1
    65 | D:1      | Reached skill level 3 in Axes
   495 | D:1      | Reached XP level 2. HP: 26/26 MP: 2/2
   605 | D:1      | Reached skill level 4 in Axes
  1025 | D:2      | Reached skill level 5 in Axes
  1025 | D:2      | Reached XP level 3. HP: 25/31 MP: 3/3
  1114 | D:2      | Found a faded altar of an unknown god.
  1137 | D:2      | Prayed at the altar of an unknown god.
  1137 | D:2      | Became a worshipper of Warmaster Okawaru
  1137 | D:2      | Reached * piety under Okawaru
  1234 | D:2      | Found a hide-covered altar of Uskayaw.
  1252 | D:2      | Reached XP level 4. HP: 40/40 MP: 4/4
  1319 | D:2      | Reached skill level 1 in Invocations
  1954 | D:3      | Found a blossoming altar of Fedhas.
  2007 | D:3      | Noticed Natasha
  2020 | D:3      | Killed Natasha
  2021 | D:3      | Reached skill level 6 in Axes
  2021 | D:3      | Reached XP level 5. HP: 10/46 MP: 6/6
  2252 | D:3      | Found a hide-covered altar of Uskayaw.
  2461 | D:3      | Found a basalt altar of Yredelemnul.
  2724 | D:3      | Noticed Natasha
  2732 | D:3      | Killed Natasha
  2784 | D:3      | Noticed Natasha
  2798 | D:3      | Slain by a shadow imp

Illustrated notes

Levels and vault maps discovered:
D:1:      mainiacjoe_arrival_reflecting_pool, layout_basic, hex_medium
D:2:      layout_rooms, basic_altar, shapermc_ecumenical_altar_acropolis,
          minmay_pentomino_x2
D:3:      layout_basic, lemuel_zombie_altar_yredelemnul,
          overflow_temple_1_default, fedhas_altar_fruit_tree, uniq_natasha

Skill      XL: |  1  2  3  4  5 |
---------------+----------------+-----
Axes           | 3 5 6 |  6.3
Invocations    | 2 3 |  3.0
Fighting       | 4 |  4.1
Armour         | |  3.2
Shields        | |  3.7

Action                   |  1- 3 |  4- 6 || total
-------------------------+-------+-------++-------
Melee: War axe           |    76 |    90 ||   166
Invok: Heroism           |       |     1 ||     1
  Use: Potion            |       |     2 ||     2
Armor: Scale mail        |    46 |    32 ||    78
Dodge: Dodged            |    37 |    47 ||    84
Block: Buckler           |    17 |    15 ||    32
